 Dungeon Crawl Stone Soup version 0.31.0-11-ge490571c62 (webtiles) character file.

Game seed: 1882267514363953538

21 hikkokomori the Chopper (level 2, 0/26 HPs)
             Began as a Minotaur Berserker on Feb 5, 2024.
             Was a Follower of Trog.
             Slain by Sigmund
             ... wielding a +0 scythe
              (1 damage)
             ... on level 2 of the Dungeon.
             The game lasted 00:02:51 (1006 turns).

hikkokomori the Chopper (Minotaur Berserker)        Turns: 1006, Time: 00:02:51

Health: 0/26       AC:  2    Str: 21    XL:     2   Next: 62%
Magic:  1/1        EV: 12    Int:  4    God:    Trog [*.....]
Gold:   47         SH:  0    Dex:  9    Spells: 1/1 levels left

rFire   . . .        a - +0 hand axe
rCold   . . .        (no shield)
rNeg    . . .        b - +0 animal skin
rPois   .            (helmet restricted)
rElec   .            (no cloak)
rCorr   .            (no gloves)
SInv    .            (no boots)
Will    .....        (no amulet)
Stlth   +            (no ring)
HPRegen 0.24/turn    (no ring)
MPRegen 0.07/turn

%: no passive effects
@: on berserk cooldown
A: horns 2, retaliatory headbutt
a: Renounce Religion, Berserk


You were on level 2 of the Dungeon.
You worshipped Trog.
Trog was aware of your devotion.
You visited 1 branch of the dungeon, and saw 2 of its levels.

You collected 47 gold pieces.

Inventory:

Hand Weapons
 a - a +0 hand axe (weapon)
Armour
 b - a +0 animal skin (worn)
Scrolls
 c - a scroll of teleportation {unknown}
 d - a scroll of identify {unknown}
 f - 3 scrolls of amnesia {unknown}


   Skills:
 - Level 3.6 Fighting
 + Level 4.8 Axes
 - Level 2.4 Armour
 - Level 2.1 Dodging


You had one spell level left.
You didn't know any spells.
Your spell library was empty.

Dungeon Overview and Level Annotations

Branches:
Dungeon (2/15)

Altars:

Shops:
D:1 !

Annotations:
D:2 Sigmund


Innate Abilities, Weirdness & Mutations

You have a pair of horns on your head.
You reflexively headbutt those who attack you in melee.


Message History

A red film seems to cover your vision as you go berserk!
You feel yourself moving faster!
You feel mighty! The kobold closely misses you.
You feel a strong urge to attack something.
Sigmund misses you.
You closely miss Sigmund. Your headbutt misses Sigmund. You hit the kobold.
You completely miss Sigmund. You closely miss the kobold.
The kobold completely misses you. Sigmund casts a spell at you.
You are confused.
You closely miss Sigmund. You slash the kobold!
You kill the kobold!
Trog accepts your kill. Sigmund casts a spell at you.
The puff of flame hits you!
You feel a strong urge to attack something.
You are no longer berserk.
You are exhausted.
You feel yourself slow down. Sigmund gestures at you while chanting.
The magic dart hits you!
* * * LOW HITPOINT WARNING * * *
Found 2 viscous dark potions.
Sigmund closely misses you. Sigmund misses you.
It was a potion of cancellation.
Your magical effects are unravelling.
You feel magically purged.
You feel yourself speed up.
You feel less confused.
Sigmund hits you from afar with a +0 scythe.
* * * LOW HITPOINT WARNING * * *
Unknown command.
Sigmund barely misses you. You furiously retaliate!
You headbutt Sigmund! You hit Sigmund but do no damage.
Your headbutt misses Sigmund.
Sigmund is heavily wounded.
You hit Sigmund but do no damage. Your headbutt misses Sigmund.
Sigmund is heavily wounded.
Sigmund screams, "You will never...
NEVER!!!"
Sigmund hits you with a +0 scythe.
You die...
Sigmund begins carving another notch in his scythe.

.##....##### ##.#
.#..####
#:######.# ...##
#........# #..#
#####..##### #..#
##.!$...#####.
##.#
###...).........
...
...............?.
....
####....@....#...
####. #....@....#
.. .. #...>.....#
. #.........#
##......!##
......!....#
..............
.............##
###..........#
#....!.....#


You could see Sigmund.

Vanquished Creatures
  A ball python (D:1)
  2 endoplasms (D:1)
  2 giant cockroaches
  3 goblins
  5 hobgoblins
  A kobold (D:2)
  3 rats (D:1)
17 creatures vanquished.

Notes
Turn   | Place    | Note
-------+----------+-------------------------------------------
     0 | D:1      | hikkokomori the Minotaur Berserker began the quest for the
                  | Orb.
     0 | D:1      | Reached XP level 1. HP: 19/19 MP: 0/0
    59 | D:1      | Reached skill level 4 in Axes
    89 | D:1      | Found Nuim Fai's Distillery.
   216 | D:1      | Reached XP level 2. HP: 26/26 MP: 1/1
   989 | D:2      | Noticed Sigmund
  1003 | D:2      | HP: 1/26 [Sigmund/+0 scythe (4)]
  1006 | D:2      | Slain by Sigmund

Illustrated notes

Levels and vault maps discovered:
D:1:      dpeg_arrival_more_subterranean_lakeside_camping, layout_loops_corners,
          serial_shops, shop
D:2:      layout_rooms, dilly_ecumenical_altar_fadedgnrine,
          uniq_crazy_yiuf_cottage, uniq_sigmund

Skill      XL: |  1 |
---------------+----+-----
Axes           | 4 |  4.8
Fighting       | |  3.6
Armour         | |  2.4
Dodging        | |  2.1

Action                     || total
---------------------------++-------
  Melee: Hand axe          ||    41
         Headbutt          ||     4
         Punch             ||     1
 Invoke: Berserk           ||     1
    Use: Potion            ||     1
 Armour: Animal skin       ||    23
  Dodge: Dodged            ||    21
